[ AOE2 MATCH · #506100368 ]
UnrankedMaya vs Japanese
Player's team · WIN
Rival team · LOSS
[ REPLAY ANALYSIS · EXTRACTED FROM THE RECORDED GAME ]
Feudal
9:43
Castle
24:29
Imperial
40:52
| APM avg | 56.4 |
| APM peak | 86 |
| eAPM avg | 35.0 |
| Villagers / military | 226 / 247 |
Focus
⚔️ 43.5% · 🌾 56.5%
Eagle Scout ×118 · Plumed Archer ×50 · Archer ×32 · Battering Ram ×21 · Mangonel ×11 · Monk ×9
Feudal
8:52
Castle
26:34
Imperial
39:40
| APM avg | 56.6 |
| APM peak | 99 |
| eAPM avg | 25.7 |
| Villagers / military | 223 / 80 |
Focus
⚔️ 30.8% · 🌾 69.2%
Samurai ×27 · Knight ×22 · Militia ×10 · Mangonel ×7 · Trebuchet (Packed) ×6 · Scorpion ×5
Match map
Initial resources + every placement click. Lines = walls · curves = elevation contours. ◆ gold · ⬟ stone · ● berries · ✦ relic · ◌ wall gap
Your base· Open — unwalled flank
新竹's base· Open — unwalled flank
Smoothed initial terrain · ◌ = detected wall gap · hover for details
Inputs per minute
— Nacional - - 新竹
Build order — Nacional
First 150 of 716 actions detected
| 0:02 | Research | Loom |
| 0:02 | Create | Villager (Male) |
| 0:02 | Create | Villager (Male) |
| 0:03 | Build | House |
| 0:05 | Build | House |
| 0:09 | Create | Villager (Male) |
| 0:09 | Create | Villager (Male) |
| 1:23 | Create | Villager (Male) |
| 2:01 | Create | Villager (Male) |
| 2:12 | Build | Lumber Camp |
| 2:18 | Create | Villager (Male) |
| 2:45 | Create | Villager (Male) |
| 3:16 | Create | Villager (Male) |
| 3:16 | Create | Villager (Male) |
| 3:40 | Create | Villager (Male) |
| 3:53 | Build | House |
| 3:54 | Build | House |
| 4:01 | Create | Villager (Male) |
| 4:01 | Create | Villager (Male) |
| 4:16 | Create | Villager (Male) |
| 4:57 | Create | Villager (Male) |
| 5:25 | Create | Villager (Male) |
| 5:32 | Build | Mill |
| 5:41 | Create | Villager (Male) |
| 5:54 | Create | Villager (Male) |
| 5:54 | Create | Villager (Male) |
| 6:37 | Build | Barracks |
| 6:42 | Create | Villager (Male) |
| 7:02 | Build | House |
| 7:30 | Research | Feudal Age |
| 7:45 | Create | Militia |
| 8:07 | Create | Militia |
| 8:11 | Build | Mining Camp |
| 8:35 | Create | Villager (Male) |
| 8:39 | Create | Villager (Male) |
| 8:58 | Build | Palisade Wall |
| 8:59 | Build | Palisade Wall |
| 9:10 | Create | Militia |
| 9:14 | Create | Villager (Male) |
| 9:17 | Create | Villager (Male) |
| 9:29 | Build | Palisade Wall |
| 9:36 | Create | Villager (Male) |
| 9:43 | Age | Feudal Age |
| 9:50 | Research | Man-at-Arms (upgrade) |
| 9:54 | Create | Villager (Male) |
| 10:04 | Build | Archery Range |
| 10:05 | Create | Villager (Male) |
| 10:09 | Create | Villager (Male) |
| 10:09 | Create | Villager (Male) |
| 10:18 | Create | Villager (Male) |
| 10:18 | Create | Villager (Male) |
| 10:20 | Build | House |
| 10:28 | Build | Mill |
| 10:37 | Build | Palisade Wall |
| 10:44 | Build | Palisade Wall |
| 10:57 | Create | Villager (Male) |
| 10:57 | Create | Villager (Male) |
| 10:59 | Build | Mining Camp |
| 11:07 | Create | Archer |
| 11:07 | Create | Archer |
| 11:09 | Build | Farm |
| 11:17 | Create | Villager (Male) |
| 11:18 | Create | Villager (Male) |
| 11:26 | Build | House |
| 11:43 | Research | Double-Bit Axe |
| 11:43 | Research | Double-Bit Axe |
| 11:44 | Create | Villager (Male) |
| 11:50 | Build | Palisade Wall |
| 11:51 | Build | Palisade Wall |
| 12:07 | Create | Villager (Male) |
| 12:25 | Build | Watch Tower |
| 12:26 | Create | Villager (Male) |
| 12:26 | Create | Villager (Male) |
| 12:32 | Build | House |
| 12:39 | Create | Villager (Male) |
| 12:39 | Create | Villager (Male) |
| 12:40 | Build | House |
| 12:42 | Create | Villager (Male) |
| 12:43 | Create | Villager (Male) |
| 12:48 | Create | Villager (Male) |
| 12:49 | Create | Villager (Male) |
| 12:51 | Create | Villager (Male) |
| 12:57 | Build | Palisade Wall |
| 13:05 | Create | Archer |
| 13:08 | Create | Villager (Male) |
| 13:08 | Create | Villager (Male) |
| 13:13 | Build | House |
| 13:28 | Create | Villager (Male) |
| 13:28 | Create | Villager (Male) |
| 13:34 | Create | Villager (Male) |
| 13:47 | Build | Palisade Wall |
| 13:49 | Build | Farm |
| 13:50 | Create | Villager (Male) |
| 13:56 | Create | Villager (Male) |
| 13:59 | Create | Villager (Male) |
| 14:06 | Create | Villager (Male) |
| 14:10 | Create | Villager (Male) |
| 14:19 | Build | Lumber Camp |
| 14:22 | Create | Villager (Male) |
| 14:36 | Create | Villager (Male) |
| 14:43 | Build | Market |
| 14:49 | Create | Villager (Male) |
| 14:55 | Create | Villager (Male) |
| 15:00 | Build | Outpost |
| 15:01 | Build | Outpost |
| 15:08 | Create | Villager (Male) |
| 15:21 | Build | Farm |
| 15:23 | Create | Villager (Male) |
| 15:32 | Create | Villager (Male) |
| 15:40 | Build | Watch Tower |
| 15:46 | Create | Villager (Male) |
| 16:02 | Create | Villager (Male) |
| 16:09 | Build | Archery Range |
| 16:13 | Build | Watch Tower |
| 16:14 | Create | Villager (Male) |
| 16:19 | Build | House |
| 16:46 | Build | Farm |
| 16:47 | Build | Farm |
| 16:47 | Create | Archer |
| 16:48 | Create | Archer |
| 16:49 | Create | Villager (Male) |
| 16:50 | Create | Villager (Male) |
| 16:55 | Build | Farm |
| 16:57 | Build | Farm |
| 17:14 | Create | Villager (Male) |
| 17:16 | Build | House |
| 17:21 | Build | House |
| 17:23 | Build | House |
| 17:34 | Create | Villager (Male) |
| 17:38 | Build | Outpost |
| 17:40 | Build | Mining Camp |
| 17:40 | Create | Villager (Male) |
| 17:45 | Create | Villager (Male) |
| 17:48 | Create | Archer |
| 17:49 | Create | Villager (Male) |
| 17:51 | Build | Farm |
| 17:54 | Build | Farm |
| 17:59 | Create | Villager (Male) |
| 17:59 | Create | Villager (Male) |
| 18:08 | Build | Mining Camp |
| 18:13 | Build | Outpost |
| 18:16 | Research | Town Watch |
| 18:18 | Create | Archer |
| 18:18 | Create | Archer |
| 18:21 | Create | Villager (Male) |
| 18:24 | Create | Villager (Male) |
| 18:24 | Create | Villager (Male) |
| 18:31 | Create | Villager (Male) |
| 18:35 | Create | Archer |
| 18:36 | Create | Archer |
Build order — 新竹
First 150 of 499 actions detected
| 0:00 | Create | Villager (Male) |
| 0:01 | Create | Villager (Male) |
| 0:01 | Create | Villager (Male) |
| 0:02 | Build | House |
| 0:03 | Build | House |
| 0:07 | Create | Villager (Male) |
| 0:07 | Create | Villager (Male) |
| 1:23 | Create | Villager (Male) |
| 1:24 | Create | Villager (Male) |
| 1:57 | Create | Villager (Male) |
| 1:57 | Create | Villager (Male) |
| 2:12 | Build | Lumber Camp |
| 2:25 | Create | Villager (Male) |
| 2:25 | Create | Villager (Male) |
| 2:26 | Create | Villager (Male) |
| 2:48 | Create | Villager (Male) |
| 2:49 | Create | Villager (Male) |
| 2:55 | Build | House |
| 3:15 | Create | Villager (Male) |
| 3:15 | Create | Villager (Male) |
| 3:48 | Create | Villager (Male) |
| 3:48 | Create | Villager (Male) |
| 3:48 | Create | Villager (Male) |
| 4:54 | Create | Villager (Male) |
| 4:54 | Create | Villager (Male) |
| 5:18 | Build | Barracks |
| 5:40 | Build | House |
| 5:44 | Create | Villager (Male) |
| 5:45 | Research | Loom |
| 6:22 | Build | Mining Camp |
| 6:42 | Research | Feudal Age |
| 6:42 | Research | Feudal Age |
| 7:02 | Create | Militia |
| 7:02 | Create | Militia |
| 7:11 | Build | Mill |
| 7:29 | Create | Militia |
| 7:29 | Create | Militia |
| 7:30 | Create | Militia |
| 7:49 | Create | Militia ×2 |
| 7:49 | Create | Militia ×2 |
| 8:11 | Build | House |
| 8:44 | Build | Palisade Wall |
| 8:48 | Build | Palisade Wall |
| 8:52 | Age | Feudal Age |
| 8:59 | Create | Villager (Male) |
| 9:00 | Create | Villager (Male) |
| 9:03 | Create | Villager (Male) |
| 9:05 | Build | House |
| 9:15 | Research | Man-at-Arms (upgrade) |
| 9:16 | Research | Man-at-Arms (upgrade) |
| 9:27 | Create | Villager (Male) |
| 9:27 | Create | Villager (Male) |
| 9:27 | Create | Villager (Male) |
| 9:28 | Create | Villager (Male) |
| 9:43 | Build | Watch Tower |
| 9:48 | Create | Militia |
| 10:13 | Create | Villager (Male) |
| 10:13 | Create | Villager (Male) |
| 10:13 | Create | Villager (Male) |
| 10:13 | Create | Villager (Male) |
| 10:18 | Build | Mining Camp |
| 10:35 | Create | Villager (Male) |
| 10:35 | Create | Villager (Male) |
| 10:35 | Create | Villager (Male) |
| 10:37 | Build | Palisade Wall |
| 10:42 | Create | Villager (Male) |
| 10:42 | Create | Villager (Male) |
| 10:42 | Create | Villager (Male) |
| 10:49 | Build | Palisade Wall |
| 10:58 | Build | Palisade Wall |
| 10:59 | Build | Palisade Wall |
| 11:32 | Create | Villager (Male) |
| 11:32 | Create | Villager (Male) |
| 11:32 | Create | Villager (Male) |
| 11:33 | Create | Villager (Male) |
| 11:34 | Build | Farm |
| 11:38 | Create | Villager (Male) |
| 11:39 | Create | Villager (Male) |
| 11:39 | Create | Villager (Male) |
| 12:07 | Build | Watch Tower |
| 12:18 | Build | Farm |
| 12:26 | Create | Villager (Male) |
| 12:26 | Create | Villager (Male) |
| 12:27 | Create | Villager (Male) |
| 12:27 | Create | Villager (Male) |
| 12:55 | Build | Watch Tower |
| 12:58 | Create | Villager (Male) |
| 12:59 | Create | Villager (Male) |
| 12:59 | Create | Villager (Male) |
| 12:59 | Create | Villager (Male) |
| 13:06 | Create | Villager (Male) |
| 13:06 | Create | Villager (Male) |
| 13:06 | Create | Villager (Male) |
| 13:19 | Build | Palisade Wall |
| 13:30 | Create | Villager (Male) |
| 13:30 | Create | Villager (Male) |
| 13:31 | Create | Villager (Male) |
| 13:31 | Create | Villager (Male) |
| 13:39 | Build | Palisade Wall |
| 13:44 | Create | Villager (Male) |
| 13:44 | Create | Villager (Male) |
| 13:51 | Build | Watch Tower |
| 14:10 | Build | Watch Tower |
| 14:13 | Create | Villager (Male) |
| 14:13 | Create | Villager (Male) |
| 14:13 | Create | Villager (Male) |
| 14:14 | Create | Villager (Male) |
| 14:18 | Build | House |
| 14:22 | Build | House |
| 14:41 | Research | Double-Bit Axe |
| 14:41 | Research | Double-Bit Axe |
| 14:41 | Research | Double-Bit Axe |
| 14:42 | Create | Villager (Male) |
| 14:42 | Create | Villager (Male) |
| 14:42 | Create | Villager (Male) |
| 14:42 | Create | Villager (Male) |
| 14:43 | Create | Villager (Male) |
| 14:54 | Build | Palisade Wall |
| 15:08 | Build | Mill |
| 15:10 | Create | Villager (Male) |
| 15:11 | Create | Villager (Male) |
| 15:11 | Create | Villager (Male) |
| 15:11 | Create | Villager (Male) |
| 15:22 | Build | Watch Tower |
| 15:28 | Create | Villager (Male) |
| 15:44 | Create | Villager (Male) |
| 15:58 | Create | Villager (Male) |
| 16:04 | Build | Blacksmith |
| 16:08 | Build | House |
| 16:22 | Build | Stone Wall |
| 16:24 | Build | Stone Wall |
| 16:39 | Create | Villager (Male) |
| 16:39 | Create | Villager (Male) |
| 16:39 | Create | Villager (Male) |
| 16:39 | Create | Villager (Male) |
| 16:44 | Build | House |
| 17:05 | Build | Palisade Wall |
| 17:07 | Build | Palisade Wall |
| 17:16 | Build | Watch Tower |
| 17:17 | Create | Villager (Male) |
| 17:17 | Create | Villager (Male) |
| 17:18 | Build | Farm |
| 17:19 | Build | Farm |
| 17:30 | Build | Palisade Wall |
| 17:34 | Create | Villager (Male) |
| 17:34 | Create | Villager (Male) |
| 17:34 | Create | Villager (Male) |
| 17:34 | Create | Villager (Male) |
| 18:04 | Build | Lumber Camp |
| 18:09 | Build | Farm |
Match timeline
| 5:18 | 新竹 · first_building Barracks |
| 6:37 | Nacional · first_building Barracks |
| 8:44 | 新竹 · wall_segment Palisade Wall x1 |
| 8:48 | 新竹 · wall_segment Palisade Wall x6 |
| 8:52 | 新竹 · age_up feudal |
| 8:58 | Nacional · wall_segment Palisade Wall x2 |
| 8:59 | Nacional · wall_segment Palisade Wall x1 |
| 9:29 | Nacional · wall_segment Palisade Wall x1 |
| 9:43 | Nacional · age_up feudal |
| 10:04 | Nacional · first_building Archery Range |
| 10:37 | Nacional · wall_segment Palisade Wall x16 |
| 10:37 | 新竹 · wall_segment Palisade Wall x1 |
| 10:44 | Nacional · wall_segment Palisade Wall x4 |
| 10:49 | 新竹 · wall_segment Palisade Wall x12 |
| 10:58 | 新竹 · wall_segment Palisade Wall x2 |
| 10:59 | 新竹 · wall_segment Palisade Wall x2 |
| 11:50 | Nacional · wall_segment Palisade Wall x2 |
| 11:51 | Nacional · wall_segment Palisade Wall x1 |
| 12:57 | Nacional · wall_segment Palisade Wall x1 |
| 13:19 | 新竹 · wall_segment Palisade Wall x2 |
| 13:39 | 新竹 · wall_segment Palisade Wall x1 |
| 13:47 | Nacional · wall_segment Palisade Wall x1 |
| 14:54 | 新竹 · wall_segment Palisade Wall x2 |
| 15:33 | Nacional · first_market_buy 100 stone |
| 16:22 | 新竹 · wall_segment Stone Wall x1 |
| 16:24 | 新竹 · wall_segment Stone Wall x3 |
| 17:05 | 新竹 · wall_segment Palisade Wall x2 |
| 17:07 | 新竹 · wall_segment Palisade Wall x2 |
| 17:30 | 新竹 · wall_segment Palisade Wall x3 |
| 19:33 | 新竹 · wall_segment Palisade Wall x2 |
| 19:34 | 新竹 · wall_segment Palisade Wall x2 |
| 19:35 | 新竹 · wall_segment Palisade Wall x2 |
| 20:05 | 新竹 · wall_segment Palisade Wall x1 |
| 21:37 | Nacional · first_market_sell 100 wood |
| 21:49 | 新竹 · wall_segment Palisade Wall x1 |
| 23:52 | 新竹 · first_market_buy 100 food |
| 23:52 | 新竹 · first_market_sell 100 wood |
| 24:01 | 新竹 · first_building Stable |
| 24:29 | Nacional · age_up castle |
| 24:31 | Nacional · first_building Castle |
| 25:03 | Nacional · first_building Monastery |
| 26:34 | 新竹 · age_up castle |
| 26:38 | Nacional · first_building Siege Workshop |
| 26:41 | 新竹 · first_building Siege Workshop |
| 33:30 | Nacional · wall_segment Palisade Wall x1 |
| 33:34 | Nacional · wall_segment Palisade Wall x4 |
| 35:18 | 新竹 · first_building Monastery |
| 37:56 | 新竹 · first_building Castle |
| 39:40 | 新竹 · age_up imperial |
| 40:52 | Nacional · age_up imperial |
| 51:13 | 新竹 · resign |
[ AI ANALYSIS · 1 CREDIT ]
What really happened in this match?
Wolo.gg analyzes every decision: build order, eco, micro, common mistakes by bracket. Personalized analysis on WhatsApp or Discord in 30 seconds.
Civ guide
Maya
Perfil
Jugador #15442657